 Dungeon Crawl Stone Soup version 0.30.0-29-ga12c61a403 (webtiles) character file.

Game seed: 9305320907970221021

822 Irreverend the Slasher (level 7, -20/54 HPs)
             Began as a Demonspawn Gladiator on June 6, 2023.
             Engulfed by a cloud of flame (21 damage)
             ... on level 5 of the Dungeon.
             The game lasted 00:04:11 (3980 turns).

Irreverend the Slasher (Demonspawn Gladiator)       Turns: 3980, Time: 00:04:12

Health: -20/54     AC:  8    Str: 20    XL:     7   Next: 63%
Magic:  7/7        EV: 29    Int: 10    God:
Gold:   215        SH:  0    Dex: 18    Spells: 6/6 levels left

rFire   . . .        a - +0 long sword
rCold   . . .        (no shield)
rNeg    . . .        b - +0 leather armour
rPois   .            c - +0 helmet
rElec   .            (no cloak)
rCorr   .            (no gloves)
SInv    .            (no boots)
Will    .....        f - amulet of the acrobat
Stlth   ++           o - +4 ring of protection
HPRegen 0.29/turn    t - +6 ring of strength
MPRegen 0.10/turn

%: acrobat
@: acrobatic
A: hooves 2, thin skeletal structure 1
a: no special abilities


You were on level 5 of the Dungeon.
You visited 1 branch of the dungeon, and saw 5 of its levels.

You collected 215 gold pieces.

Inventory:

Hand Weapons
 a - a +0 long sword (weapon)
Missiles
 d - 3 throwing nets (quivered)
 e - a javelin
Armour
 b - a +0 leather armour (worn)
 c - a +0 helmet (worn)
Jewellery
 f - an amulet of the acrobat (around neck)
 o - a +4 ring of protection (left hand)
 t - a +6 ring of strength (right hand)
Scrolls
 g - a scroll of blinking {unknown}
 i - a scroll of teleportation {unknown}
 k - 2 scrolls of immolation
 n - 2 scrolls of noise {unknown}
 p - 5 scrolls of identify {unknown}
 q - 4 scrolls of enchant armour {unknown}
 u - a scroll of summoning {unknown}
Potions
 h - 2 potions of heal wounds {unknown}
 j - 4 potions of curing
 l - a potion of ambrosia
 m - a potion of might {unknown}
 r - a potion of attraction {unknown}
 s - 2 potions of magic
 v - a potion of degeneration {unknown}
 w - a potion of resistance {unknown}
 x - a potion of invisibility {unknown}


   Skills:
 + Level 4.2 Fighting
 * Level 5.6 Long Blades
 + Level 3.8 Throwing
 + Level 4.4 Dodging


You had 6 spell levels left.
You didn't know any spells.
Your spell library was empty.

Dungeon Overview and Level Annotations

Branches:
Dungeon (5/15)
 Temple: D:4-7

Altars:
Dithmenos
Makhleb
Qazlal
Wu Jian


Innate Abilities, Weirdness & Mutations

You have hoof-like feet.
You have a somewhat thin skeletal structure. (Dex +2, Stealth+)


Message History

You hit the yak but do no damage.
Flame seeps out of the yak.
You kick the yak.
The yak is lightly wounded.
The yak barely misses you.
The yak is engulfed in blazing flames.
Flame seeps out of the yak.
The yak gores you but does no damage. The yak gores you.
You completely miss the yak. You kick the yak, but do no damage.
The yak is heavily wounded.
The yak closely misses you.
The yak is engulfed in blazing flames.
Flame seeps out of the yak.
The yak closely misses you. The yak gores you but does no damage.
The yak misses you.
The yak is engulfed in blazing flames.
Flame seeps out of the yak.
You see here 3 stones.
You bump into the rock wall.
The yak misses you. The yak barely misses you. The yak completely misses you.
You feel better.
You feel less invigorated. The yak completely misses you. The yak gores you.
The yak gores you but does no damage.
You hit the yak but do no damage.
The yak is almost dead.
The yak misses you. The yak gores you. The yak misses you.
The yak closely misses you. The yak barely misses you.
The yak attacks as you move away! The yak gores you!
The yak attacks as you move away! The yak barely misses you.
The yak completely misses you.
You hit the yak.
Flame seeps out of the yak.
The yak is almost dead.
The yak gores you!
The yak is engulfed in blazing flames.
The yak explodes!
The fiery explosion engulfs the yak!!!
You kill the yak!
The fiery explosion engulfs you!
* * * LOW HITPOINT WARNING * * *
The yak misses you.
The yak gores you but does no damage. x2
You hear a shout!
Your Fighting skill increases to level 4!
You are engulfed in blazing flames.
* * * LOW HITPOINT WARNING * * *
You hear the slow hiss of an avalanche of sand nearby.
You are engulfed in blazing flames.
You die...

#.#.....#..###
#..#...#......
.
#...#†#......:.
#.........###.#
###.##...## #.#
#<###..###.#
#.......#.#
#######.Y§##
.......(YY@#
###########§#
#.# ##


You could see 3 yaks.

Vanquished Creatures
  2 yaks (D:5)
  A black bear (D:4)
  A sky beast (D:5)
  A scorpion (D:4)
  A hound (D:5)
  An orc priest (D:3)
  10 gnolls
  6 adders
  An ufetubus (D:4)
  2 worms (D:2)
  A dart slug (D:2)
  5 orcs (D:3)
  An endoplasm (D:3)
  A giant cockroach (D:1)
  8 goblins
  9 hobgoblins
  2 quokkas
  4 ball pythons
  5 bats
  8 frilled lizards
  6 kobolds
  4 rats
80 creatures vanquished.

Notes
Turn   | Place    | Note
-------+----------+-------------------------------------------
     0 | D:1      | Irreverend the Demonspawn Gladiator began the quest for the
                  | Orb.
     0 | D:1      | Reached XP level 1. HP: 16/16 MP: 1/1
   253 | D:1      | Gained mutation: You have a somewhat thin skeletal
                  | structure. (Dex +2, Stealth+) [demonic ancestry]
   253 | D:1      | Reached XP level 2. HP: 22/22 MP: 2/2
   303 | D:1      | Reached skill level 3 in Long Blades
   934 | D:2      | Gained mutation: You have large cloven feet. [demonic
                  | ancestry]
   934 | D:2      | Reached XP level 3. HP: 25/28 MP: 3/3
  1367 | D:2      | Reached XP level 4. HP: 31/34 MP: 4/4
  1607 | D:3      | Found a faded altar of an unknown god.
  1794 | D:3      | Reached XP level 5. HP: 40/40 MP: 5/5
  2050 | D:3      | Reached skill level 4 in Long Blades
  2116 | D:3      | Found a shadowy altar of Dithmenos.
  2661 | D:3      | Found a burning altar of Makhleb.
  2663 | D:3      | Noticed a green death
  2667 | D:3      | Noticed a ynoxinul
  2667 | D:3      | Noticed a hellwing
  2845 | D:4      | Reached XP level 6. HP: 33/47 MP: 6/6
  3795 | D:4      | Found an ornate altar of the Wu Jian Council.
  3934 | D:5      | Entered Level 5 of the Dungeon
  3935 | D:5      | Found a stormy altar of Qazlal.
  3935 | D:5      | Noticed a sky beast
  3957 | D:5      | Killed a sky beast
  3958 | D:5      | Reached skill level 5 in Long Blades
  3958 | D:5      | Gained mutation: You have hoof-like feet. [demonic
                  | ancestry]
  3958 | D:5      | Reached XP level 7. HP: 9/53 MP: 7/7
  3958 | D:5      | Noticed a yak
  3958 | D:5      | Noticed a yak
  3958 | D:5      | Noticed a yak
  3966 | D:5      | Noticed a yak
  3967 | D:5      | Noticed a yak
  3978 | D:5      | Killed a yak
  3978 | D:5      | Killed a yak
  3979 | D:5      | HP: 1/54 [cloud of flame (14)]
  3980 | D:5      | Engulfed by a cloud of flame

Illustrated notes

Levels and vault maps discovered:
D:1:      dpeg_arrival_windows_large_door, layout_basic, minmay_lizard_pond
D:2:      layout_loops_ring
D:3:      layout_loops_corners, makhleb_altar_promises_db,
          grunt_dithmenos_smoke_and_mirrors, shapermc_ecumenical_altar_gd
D:4:      layout_basic, mainiacjoe_overflow_catwalk,
          mainiacjoe_overflow_boulevard, roderic_lattice_a
D:5:      layout_loops_ring, vehumet_statue, nicolae_qazlal_beasts_of_the_sky,
          minmay_temple_entry_nine_rooms, nicolae_ossuary_entry_false_entrances,
          gammafunk_ghost_split

Skill      XL: |  1  2  3  4  5  6  7 |
---------------+----------------------+-----
Throwing       | 2 3 |  3.8
Long Blades    | 3 4 5 |  5.6
Dodging        | 3 4 |  4.4
Fighting       | 3 4 |  4.2

Action                     |  1- 3 |  4- 6 |  7- 9 || total
---------------------------+-------+-------+-------++-------
  Melee: Long sword        |   113 |   133 |     5 ||   251
         Punch             |     3 |     2 |       ||     5
         Kick              |    12 |    38 |     2 ||    52
    Use: Potion            |       |     1 |     3 ||     4
         Scroll            |       |       |     1 ||     1
   Stab: Sleeping          |     1 |     5 |       ||     6
         Distracted        |       |     1 |       ||     1
 Armour: Leather armour    |    47 |    45 |     5 ||    97
  Dodge: Dodged            |   104 |   120 |    19 ||   243
